 Dungeon Crawl Stone Soup version 0.26-a0-649-gf8c6c3aab7 (webtiles) character file.

Game seed: 16952790984163133218

126 pkoi the Slasher (level 4, -7/38 HPs)
             Began as a Minotaur Gladiator on Sept 27, 2020.
             Killed from afar by an orc wizard (10 damage)
             ... with a puff of flame
             ... on level 3 of the Dungeon.
             The game lasted 00:03:04 (2742 turns).

pkoi the Slasher (Minotaur Gladiator)               Turns: 2742, Time: 00:03:04

Health: -7/38      AC:  4    Str: 20    XL:     4   Next: 84%
Magic:  3/3        EV: 12    Int: 11    God:
Gold:   139        SH:  0    Dex: 11    Spells: 3/3 levels left

rFire    . . .     SeeInvis .   a - +0 long sword
rCold    . . .     Faith    .   (no shield)
rNeg     . . .     Spirit   .   b - +0 leather armour
rPois    .         Reflect  .   c - +1 hat
rElec    .         Harm     .   (no cloak)
rCorr    .         Rampage  .   (no gloves)
MR       .....                  (no boots)
Stlth    +.........             (no amulet)
HPRegen  0.12/turn              g - ring of wizardry
MPRegen  0.08/turn              m - +6 ring of intelligence

@: no status effects
A: retaliatory headbutt, horns 2
a: no special abilities


You were on level 3 of the Dungeon.
You visited 1 branch of the dungeon, and saw 4 of its levels.

You collected 139 gold pieces.

Inventory:

Hand Weapons
 a - a +0 long sword (weapon)
Missiles
 d - 3 throwing nets (quivered)
Armour
 b - a +0 leather armour (worn)
 c - a +1 hat (worn)
Jewellery
 g - a ring of wizardry (left hand)
 m - a +6 ring of intelligence (right hand)
Scrolls
 h - a scroll of enchant weapon {unknown}
 i - a scroll of amnesia {unknown}
 l - a scroll of identify
 o - a scroll of enchant armour
Potions
 e - a potion of degeneration {unknown}
 f - a potion of curing
 j - a potion of brilliance {unknown}
 k - a potion of cancellation {unknown}
 n - a potion of invisibility {unknown}


   Skills:
 + Level 3.0 Fighting
 + Level 6.0 Long Blades
 + Level 2.2 Throwing
 + Level 1.6 Armour
 - Level 3.2 Dodging


You had 3 spell levels left.
You didn't know any spells.
Your spell library was empty.

Dungeon Overview and Level Annotations

Branches:
Dungeon (4/15)
 Temple: D:4-7

Altars:
Nemelex Xobeh

Annotations:
D:3 Sigmund


Innate Abilities, Weirdness & Mutations

You reflexively headbutt those who attack you in melee.
You have a pair of horns on your head.


Message History

* * * LOW HITPOINT WARNING * * *
You climb upwards.
Level annotation: Sigmund Reactivating autopickup.
There is a stone staircase leading down here.
You slash the orc!
You kill the orc!
Something hits you but does no damage.
Deactivating autopickup; reactivate with Ctrl-A.
You closely miss something. Something hits you.
* * * LOW HITPOINT WARNING * * *
You hit something but do no damage. Your headbutt misses something.
Something hits you but does no damage.
You closely miss something. Something hits you.
* * * LOW HITPOINT WARNING * * *
You closely miss something. You headbutt something!
You hear some strange, mumbled words.
A puff of flame appears from out of thin air!
The puff of flame hits you!
You die...

.# #.# #+## .# #.#
##...## .# #.###
##.....## .# #.#.##
##.......##
.####....####.........#.
............'÷..<.....⌠.
.#####...####.........._
## ##.## ##.{.....# #
#.# ##)@...## # #.#
##...## # #.# ##+## #
#.# # #.# # #


There were no monsters in sight!

Vanquished Creatures
  A worker ant (D:4)
  4 adders (D:2)
  An ooze (D:1)
  2 worms (D:2)
  2 dart slugs
  4 orcs
  5 bats
  3 giant cockroaches
  2 goblins (D:2)
  5 hobgoblins
  4 jackals (D:3)
  7 kobolds
  A ball python (D:1)
  3 frilled lizards
  5 rats
49 creatures vanquished.

Vanquished Creatures (others)
  11 plants (D:2)
11 creatures vanquished.

Grand Total: 60 creatures vanquished

Notes
Turn   | Place    | Note
-------+----------+-------------------------------------------
     0 | D:1      | pkoi the Minotaur Gladiator began the quest for the Orb.
     0 | D:1      | Reached XP level 1. HP: 18/18 MP: 0/0
    68 | D:1      | Reached skill level 4 in Long Blades
    76 | D:1      | Reached XP level 2. HP: 21/25 MP: 1/1
   564 | D:2      | Reached skill level 5 in Long Blades
   564 | D:2      | Reached XP level 3. HP: 25/30 MP: 2/2
   666 | D:2      | HP: 1/30 [worm (7)]
  1277 | D:2      | Reached XP level 4. HP: 34/37 MP: 3/3
  1799 | D:3      | Reached skill level 1 in Armour
  1851 | D:3      | Noticed Sigmund
  2392 | D:3      | Found a sparkling altar of Nemelex Xobeh.
  2402 | D:4      | Reached skill level 6 in Long Blades
  2742 | D:3      | Killed from afar by an orc wizard

Illustrated notes

Levels and vault maps discovered:
D:1:      roderic_octagonal_star, layout_rooms
D:2:      layout_loops_ring, serial_forest, infiniplex_forest_clump_diagonal,
          infiniplex_forest_clump_diagonal, infiniplex_forest_clump_long,
          infiniplex_forest_clump_small, infiniplex_forest_clump_medium,
          minivault_23
D:3:      layout_loops_corners, nemelex_xobeh_ov_fountains_minmay, uniq_sigmund,
          uniq_jessica
D:4:      layout_cave_pods, grunt_temple_overflow_diamond, lemuel_round_altar,
          lemuel_round_altar, hangedman_decor_growths, kennysheep_flooded_box,
          minmay_misc_feat_more_columns, uniq_menkaure

Skill      XL: |  1  2  3  4 |
---------------+-------------+-----
Long Blades    | 4 5 6 |  6.0
Armour         | 1 |  1.6
Fighting       | 3 |  3.0
Throwing       | |  2.2
Dodging        | |  3.2

Action                   |  1- 3 |  4- 6 || total
-------------------------+-------+-------++-------
Melee: Long sword        |    60 |    47 ||   107
       Headbutt          |     6 |     4 ||    10
  Use: Scroll            |     5 |       ||     5
Armor: Leather armour    |    14 |    16 ||    30
Dodge: Dodged            |    34 |    30 ||    64
       Rpst.: Long sword |     9 |     3 ||    12

Table legend: (Time is in decaauts)
 A = Elapsed time spent in this place.
 B = Non-inter-level travel time spent in this place.
 C = Inter-level travel time spent in this place.
 D = Time resting spent in this place.
 E = Time spent auto-exploring this place.
 F = Levels seen in this place.
 G = Mean time per level.
                   A        B        C        D        E       F      G
               +--------+--------+--------+--------+--------+-----+--------+
         Total |   2757 |   2675 |     82 |    784 |   1468 |   4 |  689.2 |
       Dungeon |   2757 |   2675 |     82 |    784 |   1468 |   4 |  689.2 |
               +--------+--------+--------+--------+--------+-----+--------+

Top non-repeatable levels by time:
     D:2: 1003 daAuts
     D:1: 785 daAuts
     D:3: 624 daAuts
     D:4: 344 daAuts
